[Event "Team 45 45 League T55"]
[Site "Internet Chess Club"]
[Date "2012.12.16"]
[Round "5"]
[White "BrianWood"]
[Black "whiskeytown"]
[Result "1/2-1/2"]
[WhiteElo "1496"]
[BlackElo "1582"]
[Opening "Pirc: classical system, 5.Be2"]
[ECO "B08"]
[Time "20:00:21"]
[TimeControl "2700+45"]

1. e4 d6 2. d4 Nf6 3. Nc3 g6 4. Nf3 Bg7 5. Be2 O-O 6. O-O c6 7. Be3 b5 8. Qd2 b4
9. Nd1 Nxe4 10. Qxb4 Qb6 11. c3 Qxb4 12. cxb4 Ba6 13. Bxa6 Nxa6 14. a3 Nc7 15.
Nc3 Nf6 16. h3 a5 17. bxa5 Rxa5 18. b4 Ra6 19. a4 Nfd5 20. Nxd5 Nxd5 21. b5 cxb5
22. axb5 Rb6 23. Bd2 Rxb5 24. Rfb1 Rxb1+ 25. Rxb1 Rc8 26. Rc1 {Game drawn by
mutual agreement} 1/2-1/2

[Event "Team 45 45 League T55"]
[Site "Internet Chess Club"]
[Date "2012.12.17"]
[Round "5"]
[White "Shijith"]
[Black "Zumbi"]
[Result "1/2-1/2"]
[WhiteElo "2065"]
[BlackElo "2243"]
[Opening "Grünfeld: exchange, classical variation"]
[ECO "D87"]
[Time "20:17:18"]
[TimeControl "2700+45"]

1. d4 Nf6 2. c4 g6 3. Nc3 d5 4. cxd5 Nxd5 5. e4 Nxc3 6. bxc3 Bg7 7. Bc4 c5 8.
Ne2 Nc6 9. Be3 O-O 10. O-O b6 11. dxc5 Qc7 12. cxb6 axb6 13. Rb1 Ne5 14. Bd5 Rb8
15. Qa4 e6 16. Bb3 Bb7 17. Rfd1 Ng4 18. Bf4 Be5 19. Bxe5 Qxe5 20. Ng3 Qxc3 21.
Qc4 Qf6 22. Qe2 h5 {Game drawn by mutual agreement} 1/2-1/2

[Event "Team 45 45 League T55"]
[Site "Internet Chess Club"]
[Date "2012.12.19"]
[Round "5"]
[White "MaryAngels"]
[Black "seikster"]
[Result "0-1"]
[WhiteElo "2037"]
[BlackElo "1871"]
[Opening "French: advance, Wade variation"]
[ECO "C02"]
[Time "12:13:27"]
[TimeControl "2700+45"]

1. e4 e6 2. d4 d5 3. e5 c5 4. c3 Qb6 5. Nf3 Bd7 6. Be2 Bb5 7. c4 Bxc4 8. Bxc4
dxc4 9. d5 Ne7 10. d6 Nec6 11. O-O g6 12. Na3 Qa6 13. Qe2 Bg7 14. Nxc4 O-O 15.
Bf4 Nd7 16. Rac1 Qxa2 17. Ra1 Qb3 18. Ra3 Qb4 19. Bd2 Qb5 20. Qd3 a5 21. Rfa1 a4
22. b3 Ncxe5 23. Nfxe5 Nxe5 24. Nxe5 Qxd3 25. Nxd3 Bxa1 26. Rxa1 axb3 27. Rc1
Ra2 28. Be3 b2 29. Nxb2 Rxb2 30. Rd1 c4 31. d7 Rd8 32. g4 c3 {White resigns} 0-1

[Event "Team 45 45 League T55"]
[Site "Internet Chess Club"]
[Date "2012.12.14"]
[Round "5"]
[White "Nb4"]
[Black "Tobiasdelmonte"]
[Result "1-0"]
[WhiteElo "1956"]
[BlackElo "1691"]
[Opening "Benkö gambit half accepted"]
[ECO "A57"]
[Time "23:04:21"]
[TimeControl "2700+45"]

1. d4 Nf6 2. c4 c5 3. d5 b5 4. cxb5 a6 5. e3 g6 6. Nc3 Bg7 7. a4 O-O 8. e4 axb5
9. Bxb5 Ba6 10. Qe2 Qb6 11. Ra3 d6 12. Nf3 Nbd7 13. Nd2 Rfb8 14. Nc4 Bxb5 15.
Nxb6 Bxe2 16. Nxa8 Bd3 17. Nc7 Nxe4 18. Nxe4 Bxe4 19. f3 Bc2 20. a5 Rc8 21. a6
Nb6 22. a7 Na8 23. Nxa8 Rxa8 24. Be3 Bxb2 25. Ra2 Bc3+ 26. Kf2 Bb3 27. Ra3 c4
28. Rb1 Bc2 29. Rb8+ {Black resigns} 1-0

[Event "Team 45 45 League T55"]
[Site "Internet Chess Club"]
[Date "2012.12.17"]
[Round "5"]
[White "FourKnights"]
[Black "kabindra"]
[Result "1/2-1/2"]
[WhiteElo "1758"]
[BlackElo "1754"]
[Opening "King's Indian defense, 3.Nc3"]
[ECO "E61"]
[Time "16:07:28"]
[TimeControl "2700+45"]

1. d4 Nf6 2. c4 g6 3. Nc3 Bg7 4. Nf3 O-O 5. g3 c6 6. Bg2 d5 7. Qb3 Ne4 8. O-O
Nxc3 9. bxc3 dxc4 10. Qxc4 Nd7 11. e4 Nb6 12. Qe2 Be6 13. Rd1 Qc8 14. Bg5 Re8
15. Nd2 Bg4 16. Bf3 Bd7 17. Qe3 e5 18. Bh6 exd4 19. cxd4 Bh8 20. Rac1 Qd8 21.
Qd3 Be6 22. a3 Qxd4 23. Nf1 Qxd3 24. Rxd3 Bc4 25. Rd2 Bb5 26. Ne3 Na4 27. Nc4
Red8 28. Nd6 Ba6 29. Rcd1 Nc3 30. Rc1 Be5 31. Bf4 Bxf4 32. gxf4 Nb5 33. e5 Nxa3
34. Be2 Nb5 35. Rcd1 Nc3 36. Bxa6 bxa6 37. Rc1 Nb5 38. Rxc6 a5 39. Ra6 Rd7 40.
Rxa5 Nxd6 41. exd6 Rad8 42. Kg2 Rxd6 43. Rxd6 Rxd6 44. Rxa7 Rd3 45. Re7 Kg7 46.
Re3 Rd4 47. Kg3 h5 48. h4 Kf6 49. Re5 Rd3+ 50. Re3 Rd5 51. Re4 Kf5 52. f3 Rd1
53. Re5+ Kf6 54. Kg2 Rd2+ 55. Kg3 Rd6 56. Re4 Re6 57. Kf2 Kf5 58. Ra4 Rb6 59.
Kg3 Rb2 60. Ra5+ Kf6 61. Re5 Rb6 62. Re4 Re6 63. Kf2 Kf5 64. Ra4 Rd6 65. Kg3 Rd5
66. Rb4 Rd1 67. Rb5+ Ke6 68. Re5+ Kf6 69. Kg2 Ra1 70. Rb5 Ra4 71. Kg3 Rd4 72.
Re5 Rd1 73. Kg2 Kg7 74. Rb5 Rd7 75. Re5 f6 76. Rb5 Kf7 77. Kg3 Ke6 78. Rb6+ Rd6
79. Rb4 Kd5 80. Rb5+ Kd4 81. Rb4+ Kc3 82. Re4 f5 83. Re5 Kd3 84. Re1 Rc6 85. Re5
Ra6 86. Re7 Rd6 87. Re1 Kd2 88. Re7 Kc2 89. Re2+ Kd3 90. Re1 Kc4 91. Re7 Kd4 92.
Re1 Kc5 93. Re5+ Kd4 94. Re1 Kd5 95. Re5+ Kc6 96. Re1 Kd7 97. Re2 Rd3 98. Re5
Kd6 99. Re8 Rd5 100. Rg8 Rd1 101. Rxg6+ Ke7 102. Rg5 Rg1+ 103. Kf2 Rh1 104. Rxh5
Kf6 105. Kg2 Ra1 106. Rg5 Ra8 107. h5 Rh8 108. Kg3 Rh7 109. Kh4 Ra7 110. Rg6+
Kf7 111. Kg5 Ra3 112. Kxf5 Rxf3 113. Rg4 Rh3 114. Kg5 Ra3 115. h6 Ra5+ 116. f5
Ra1 117. Rh4 Rg1+ 118. Kf4 Rf1+ 119. Kg5 Rg1+ 120. Rg4 Rh1 121. Rb4 Rg1+ 122.
Kf4 Rf1+ 123. Ke5 Re1+ 124. Kf4 Rf1+ 125. Kg5 Rg1+ 126. Rg4 Rh1 127. Rh4 Rg1+
{Game drawn by repetition} 1/2-1/2

[Event "Team 45 45 League T55"]
[Site "Internet Chess Club"]
[Date "2012.12.16"]
[Round "5"]
[White "SlimeDog2"]
[Black "Pason"]
[Result "1-0"]
[WhiteElo "2144"]
[BlackElo "2012"]
[Opening "Nimzo-Indian: classical, Adorjan gambit"]
[ECO "E32"]
[Time "16:12:11"]
[TimeControl "2700+45"]

1. d4 e6 2. c4 Nf6 3. Nc3 Bb4 4. Qc2 O-O 5. a3 Bxc3+ 6. Qxc3 b5 7. cxb5 c6 8. e3
Bb7 9. Nf3 cxb5 10. Bxb5 Nc6 11. O-O Ne4 12. Qc2 f5 13. Nd2 Ne7 14. Bd3 Nd6 15.
Nc4 Nxc4 16. Bxc4 Ng6 17. f3 Rc8 18. Qe2 Qb6 19. Bd2 Nf4 20. exf4 Qxd4+ 21. Be3
Qxc4 22. Qxc4 Rxc4 23. Bxa7 Rxf4 24. b4 Ra8 25. Bc5 Bc6 26. Rfc1 Bb5 27. Kf2 Rc4
28. Rxc4 Bxc4 29. Ke3 Bb5 30. Kd4 Kf7 31. Bd6 Ra6 32. Ke5 Ba4 33. Rc1 Bc6 34.
Rc3 h5 35. g3 Bb5 36. h3 Bc6 37. g4 hxg4 38. hxg4 fxg4 39. fxg4 Kg6 40. Be7 Kf7
41. Bg5 Rb6 42. Kd6 Rb5 43. Rc5 Rb8 44. Ra5 Rb7 45. Be3 Rb8 46. Bc5 Ke8 47. a4
Kd8 48. b5 Bf3 49. Ra7 Bxg4 50. Rxd7+ Kc8 51. Rxg7 Bd1 52. Ba7 Ra8 53. b6 Bf3
54. b7+ Bxb7 55. Rg8# {Black checkmated} 1-0

[Event "Team 45 45 League T55"]
[Site "Internet Chess Club"]
[Date "2012.12.14"]
[Round "5"]
[White "nurmi"]
[Black "cysk"]
[Result "0-1"]
[WhiteElo "1909"]
[BlackElo "1793"]
[Opening "Benko's opening"]
[ECO "A00"]
[Time "23:09:26"]
[TimeControl "2700+45"]

1. g3 d5 2. Bg2 e5 3. c4 dxc4 4. Nc3 c6 5. Nf3 Nd7 6. a4 Ngf6 7. Qc2 Bd6 8. Ng5
Nd5 9. Nge4 Be7 10. O-O Nb4 11. Qb1 f5 12. f4 fxe4 13. fxe5 Nxe5 14. Qxe4 Bc5+
15. Kh1 Qe7 16. d4 cxd3 17. Bf4 Ng6 18. Qf3 O-O 19. Ne4 Nxf4 20. gxf4 Nc2 21.
Rac1 Ne3 22. Rxc5 Nxf1 23. Qxf1 d2 24. e3 Bg4 {White resigns} 0-1

[Event "Team 45 45 League T55"]
[Site "Internet Chess Club"]
[Date "2012.12.16"]
[Round "5"]
[White "musk6868"]
[Black "koni"]
[Result "0-1"]
[WhiteElo "1960"]
[BlackElo "1902"]
[Opening "Philidor: Improved Hanham variation"]
[ECO "B07"]
[Time "10:07:21"]
[TimeControl "2700+45"]

1. e4 d6 2. d4 Nf6 3. Nc3 e5 4. Nf3 Nbd7 5. Be3 Be7 6. h3 O-O 7. Be2 c6 8. O-O
b5 9. a3 Qc7 10. Qd2 Bb7 11. Rfd1 a6 12. b4 Rfe8 13. Nh2 Bf8 14. f3 g6 15. Rac1
Rac8 16. Nb1 Qb8 17. c4 Bg7 18. Ng4 Nxg4 19. hxg4 Nf8 20. d5 cxd5 21. cxd5 Nd7
22. Qb2 Ba8 23. Nd2 Nb6 24. Nb3 Na4 25. Qd2 Rxc1 26. Rxc1 Rc8 27. Na5 Bf6 28.
Bd1 Nb6 29. Bb3 Bd8 30. Nc6 Bxc6 31. dxc6 Na8 32. Qd5 Qc7 33. Kh2 Qe7 34. Rd1
Qh4+ 35. Kg1 Rc7 36. Qxd6 Bg5 37. Bxg5 Qxg5 38. Qd8+ Qxd8 39. Rxd8+ Kg7 40. Rxa8
Rxc6 41. Ra7 Rc3 42. Rxf7+ Kh6 43. Bd5 Rxa3 44. Ra7 Kg5 45. Rxh7 Kf4 46. Kf2 Ra4
47. Ra7 Rxb4 48. Rxa6 Rb2+ 49. Kf1 Kg3 50. Ra2 Rb1+ 51. Ke2 Kxg2 52. Ke3+ Kg3
53. Ke2 b4 54. Rd2 b3 55. Bf7 g5 56. Rd3 b2 57. Ba2 Ra1 58. Kd2 Rxa2 59. Kc2
b1=Q+ 60. Kxb1 Rf2 61. Rd5 Kf4 62. Rd8 Rxf3 63. Rf8+ Kxg4 64. Re8 Kf4 {White
resigns} 0-1

[Event "Team 45 45 League T55"]
[Site "Internet Chess Club"]
[Date "2012.12.18"]
[Round "5"]
[White "poni"]
[Black "Portola"]
[Result "0-1"]
[WhiteElo "1852"]
[BlackElo "1781"]
[Opening "Réti opening"]
[ECO "A05"]
[Time "10:06:19"]
[TimeControl "2700+45"]

1. Nf3 Nf6 2. g3 b6 3. Bg2 Bb7 4. O-O d5 5. d3 e6 6. Nbd2 Nbd7 7. c3 Be7 8. Qc2
c5 9. e4 O-O 10. Re1 dxe4 11. dxe4 e5 12. Nc4 Qc7 13. Nh4 g6 14. Bh6 Rfe8 15.
Ne3 Bf8 16. Bxf8 Rxf8 17. Rad1 Rad8 18. c4 Nb8 19. Nd5 Nxd5 20. cxd5 Qd6 21. Nf3
Bc8 22. Qd2 Kg7 23. Qc3 f6 24. Nd2 Rde8 25. Nc4 Qd7 26. a3 Ba6 27. Bf1 Bxc4 28.
Qxc4 Qd6 29. Bh3 a6 30. Rc1 Re7 31. Be6 Rc7 32. Qe2 b5 33. Qe3 a5 34. f4 Na6 35.
Rf1 c4 36. fxe5 Qxe5 37. Qb6 Nc5 38. Qxb5 Nxe6 39. Rxc4 Rxc4 40. Qxc4 Qd4+ 41.
Qxd4 Nxd4 42. Rd1 Nf3+ 43. Kg2 Ne5 44. b4 axb4 45. axb4 Rb8 46. Rd4 Kf7 47. h3
h5 48. Kf2 Ke7 49. Ke3 Kd6 50. Ke2 Rc8 51. Rd2 Rc4 {White resigns} 0-1

[Event "Team 45 45 League T55"]
[Site "Internet Chess Club"]
[Date "2012.12.15"]
[Round "5"]
[White "MeWantCookie"]
[Black "koni"]
[Result "1-0"]
[WhiteElo "1993"]
[BlackElo "1882"]
[Opening "Nimzovich-Larsen attack: modern variation"]
[ECO "A01"]
[Time "13:05:36"]
[TimeControl "2700+45"]

1. b3 e5 2. Bb2 d6 3. e3 Nf6 4. g3 Be7 5. Bg2 c6 6. c4 Bg4 7. f3 Be6 8. Ne2 a5
9. Nbc3 Na6 10. d4 exd4 11. Nxd4 O-O 12. Nxe6 fxe6 13. O-O d5 14. Qe2 Kh8 15.
Rfd1 Qe8 16. e4 Bc5+ 17. Kh1 d4 18. Na4 e5 19. Nxc5 Nxc5 20. Ba3 Nfd7 21. Bh3
Rf7 22. Rf1 Ne6 23. Bd6 Rf6 24. Qd2 c5 25. f4 exf4 26. e5 Rh6 27. Bxe6 Qxe6 28.
gxf4 Qf5 29. Rae1 b6 30. Rg1 Nf8 31. Rg5 Qh3 32. f5 Nd7 33. Reg1 Rg8 34. f6 g6
35. R5g3 Qh4 36. f7 Rc8 37. Qf2 Kg7 38. Re1 Nf8 39. e6 {Black resigns} 1-0

[Event "Team 45 45 League T55"]
[Site "Internet Chess Club"]
[Date "2012.12.16"]
[Round "5"]
[White "John3v16"]
[Black "scottk74"]
[Result "0-1"]
[WhiteElo "1709"]
[BlackElo "1772"]
[Opening "Sicilian: Smith-Morra gambit"]
[ECO "B21"]
[Time "07:03:28"]
[TimeControl "2700+45"]

1. e4 c5 2. d4 cxd4 3. c3 dxc3 4. Nxc3 Nc6 5. Nf3 e6 6. Bf4 a6 7. Bc4 d6 8. Qd2
Qc7 9. O-O Be7 10. Rfd1 Ne5 11. Be2 Nf6 12. Rac1 Qb8 13. Bg5 Ned7 14. Nd4 O-O
15. f4 h6 16. Bxf6 Nxf6 17. Bf3 e5 18. Nf5 Bxf5 19. exf5 Qa7+ 20. Kh1 Rac8 21.
g4 exf4 22. Qxf4 Qf2 23. Rd2 Rc4 24. Rxf2 Rxf4 25. Ne2 Rb4 26. Rc7 Nxg4 27. Bxg4
Bd8 28. Rd7 Rxg4 29. Rxb7 Re8 30. Ng1 Re1 31. Rg2 Rxg2 32. Kxg2 Bf6 33. Ra7
Rxg1+ 34. Kh3 {White resigns} 0-1

[Event "Team 45 45 League T55"]
[Site "Internet Chess Club"]
[Date "2012.12.16"]
[Round "5"]
[White "zap2"]
[Black "kabindra"]
[Result "0-1"]
[WhiteElo "1824"]
[BlackElo "1770"]
[Opening "Réti: King's Indian attack"]
[ECO "A05"]
[Time "10:05:38"]
[TimeControl "2700+45"]

1. Nf3 Nf6 2. g3 g6 3. Bg2 Bg7 4. O-O O-O 5. d3 d6 6. Nbd2 e5 7. e4 Nc6 8. c3
Be6 9. Qe2 Qc8 10. Re1 Bg4 11. Nf1 Re8 12. Ne3 Bd7 13. Nd2 Bh3 14. Bh1 Ng4 15.
Ng2 Nf6 16. Ne3 Rb8 17. a4 Ne7 18. Ndc4 Be6 19. Bg2 Ng4 20. Nd5 Nxd5 21. exd5
Bd7 22. h3 Nf6 23. Kh2 a6 24. a5 Bf5 25. Ne3 Bd7 26. Nc4 e4 27. Ne3 Bb5 28. c4
exd3 29. Qxd3 Bd7 30. Bd2 b5 31. axb6 cxb6 32. Qa3 Ne4 33. Bxe4 Rxe4 34. Qxd6
Bxb2 35. Rxa6 Be5 36. Qa3 Bxh3 37. d6 Bd4 38. Nd5 Rxe1 39. Bxe1 Kg7 40. Bc3 Qxc4
41. Bxd4+ Qxd4 42. Qc3 Qxc3 43. Nxc3 Be6 44. Ra7 b5 45. Ne4 b4 46. Nc5 Kf6 47.
d7 Ke7 48. Nd3 b3 49. Nb2 Bxd7 50. Kg1 Ke8 51. Kf1 Rc8 52. Rb7 Be6 53. Ke1 Rc1+
54. Nd1 Bg4 55. Rb8+ Ke7 56. Rb7+ Kf8 57. Kd2 Rxd1+ 58. Kc3 Be6 59. Rb4 Rc1+ 60.
Kd2 Rc2+ 61. Ke3 Ra2 62. g4 Ra3 63. Kd2 Ra2+ 64. Ke3 b2 65. f3 Ra3+ 66. Kd2 Rb3
{White resigns} 0-1

[Event "Team 45 45 League T55"]
[Site "Internet Chess Club"]
[Date "2012.12.17"]
[Round "5"]
[White "cys456"]
[Black "evan7284"]
[Result "1-0"]
[WhiteElo "1811"]
[BlackElo "1644"]
[Opening "Sicilian: closed"]
[ECO "B24"]
[Time "16:02:26"]
[TimeControl "2700+45"]

1. e4 c5 2. Nc3 Nc6 3. g3 d6 4. Bg2 Nf6 5. d3 Bg4 6. f3 Be6 7. f4 Bg4 8. Nf3 Nd4
9. h3 Nxf3+ 10. Bxf3 Bxf3 11. Qxf3 Qb6 12. Rb1 e6 13. Be3 Be7 14. O-O O-O 15. g4
Rad8 16. g5 Nd7 17. h4 f5 18. h5 fxe4 19. dxe4 Bxg5 20. Qg4 Bf6 {Black resigns}
1-0

[Event "Team 45 45 League T55"]
[Site "Internet Chess Club"]
[Date "2012.12.16"]
[Round "5"]
[White "MarshKnight"]
[Black "MeoPatacca"]
[Result "1-0"]
[WhiteElo "1577"]
[BlackElo "1837"]
[Opening "Bishop's opening: Urusov gambit, Panov variation"]
[ECO "C21"]
[Time "15:52:42"]
[TimeControl "2700+45"]

1. e4 e5 2. d4 exd4 3. Bc4 Nf6 4. Nf3 d5 5. exd5 Bb4+ 6. c3 Qe7+ 7. Qe2 Qxe2+ 8.
Kxe2 dxc3 9. Nxc3 O-O 10. Be3 Bg4 11. h3 Bh5 12. g4 Bg6 13. a3 Ba5 14. b4 Bb6
15. Bxb6 axb6 16. Nh4 Nbd7 17. Nxg6 hxg6 18. f4 Rfe8+ 19. Kf3 Kf8 20. Bb5 Red8
21. Rhe1 Re8 22. g5 Rxe1 23. Rxe1 Rxa3 24. Re3 Rxc3 25. Rxc3 Nxd5 26. Rd3 c6 27.
Bc4 Ke7 28. Bxd5 cxd5 29. Rxd5 Ke6 30. Rd1 f6 31. Kg4 Nb8 32. b5 Nd7 33. h4 Nc5
34. h5 gxh5+ 35. Kxh5 Kf5 36. gxf6 gxf6 37. Rd6 Na4 38. Kh6 Kxf4 39. Rd4+ {Black
resigns} 1-0

[Event "Team 45 45 League T55"]
[Site "Internet Chess Club"]
[Date "2012.12.17"]
[Round "5"]
[White "Morphing"]
[Black "misuc56"]
[Result "0-1"]
[WhiteElo "1708"]
[BlackElo "1814"]
[Opening "Réti: Nimzovich-Larsen attack"]
[ECO "A06"]
[Time "04:00:24"]
[TimeControl "2700+45"]

1. Nf3 d5 2. b3 e6 3. Bb2 f5 4. e3 Nf6 5. Bd3 c6 6. O-O Bd6 7. Nc3 O-O 8. Qe2
Qe7 9. h3 Nbd7 10. Nd4 a6 11. f4 c5 12. Nxf5 exf5 13. Bxf5 g6 14. Bd3 d4 15.
Bc4+ Kg7 16. Nd5 Nxd5 17. Bxd5 Nf6 18. Bc4 b5 19. Bd3 Bf5 20. g4 Bxd3 21. Qxd3
Kg8 22. Rae1 Qc7 23. exd4 cxd4 24. Qxd4 Bc5 {White resigns} 0-1

[Event "Team 45 45 League T55"]
[Site "Internet Chess Club"]
[Date "2012.12.15"]
[Round "5"]
[White "TwoEqualsOne"]
[Black "ILRE"]
[Result "0-1"]
[WhiteElo "1833"]
[BlackElo "1575"]
[Opening "King's Indian: 4.e4"]
[ECO "E70"]
[Time "17:00:05"]
[TimeControl "2700+45"]

1. d4 Nf6 2. c4 g6 3. Nc3 Bg7 4. e4 d6 5. Bd3 O-O 6. Nge2 c5 7. d5 e6 8. O-O
exd5 9. exd5 Ng4 10. Ng3 Na6 11. h3 Ne5 12. Be2 Nc7 13. Nge4 a6 14. f4 Nd7 15.
Nxd6 Nf6 16. Nxc8 Rxc8 17. Be3 Nce8 18. a4 Nd6 19. Rc1 Re8 20. Bf2 Nf5 21. Qd2
Nd6 22. Bd3 Qa5 23. Ne4 Qxd2 24. Nxd2 Nh5 25. g3 Bxb2 26. Rb1 Bd4 27. Bxd4 cxd4
28. Kg2 Re3 29. Rf3 Nf6 30. Rb6 Rd8 31. c5 Nde8 32. d6 Rd7 33. Rb4 Rxf3 34. Kxf3
Ng7 35. Rxd4 Ne6 36. Rc4 Nd8 37. Be4 Nxe4 38. Nxe4 Kg7 39. g4 Nc6 40. g5 f5 41.
Nf6 Rd8 42. Ke3 h6 43. h4 hxg5 44. hxg5 Rh8 45. Nd5 Re8+ 46. Kd3 Re1 47. Ne3 Kf7
48. Rc2 Nb4+ 49. Kd2 Nxc2 50. Nxc2 Re4 {White resigns} 0-1

[Event "Team 45 45 League T55"]
[Site "Internet Chess Club"]
[Date "2012.12.15"]
[Round "5"]
[White "mongmong"]
[Black "clarinetref"]
[Result "1-0"]
[WhiteElo "1657"]
[BlackElo "1691"]
[Opening "Queen's pawn game"]
[ECO "D05"]
[Time "20:33:06"]
[TimeControl "2700+45"]

1. d4 d5 2. Nf3 Nf6 3. e3 e6 4. Bd3 Bd6 5. Nbd2 Nbd7 6. O-O O-O 7. e4 dxe4 8.
Nxe4 Nxe4 9. Bxe4 Nf6 10. Bd3 c5 11. dxc5 Bxc5 12. Bg5 h6 13. Bh4 Be7 14. Qe2
Qc7 15. Rad1 Nd5 16. Bxe7 Qxe7 17. Bc4 Nf6 18. Rd2 a6 19. Rfd1 b5 20. Bb3 Bb7
21. Ne5 Rfd8 22. c3 Rxd2 23. Qxd2 Bd5 24. Bxd5 Nxd5 25. Nc6 Qc7 26. Nd4 Qc4 27.
Qe2 Qxe2 28. Nxe2 Rc8 29. a3 a5 30. Rc1 Nb6 31. b3 a4 32. bxa4 bxa4 33. Rb1 Nc4
34. Rb4 Rd8 35. f3 Nxa3 36. Rxa4 Nc2 37. Kf2 Rd3 38. Ra2 Ne3 39. Ra8+ Kh7 40.
Ra7 Kg6 41. Nf4+ Kf5 42. Nxd3 Nd5 43. c4 {Black resigns} 1-0

[Event "Team 45 45 League T55"]
[Site "Internet Chess Club"]
[Date "2012.12.18"]
[Round "5"]
[White "PostMike"]
[Black "ChessMaine"]
[Result "1-0"]
[WhiteElo "1487"]
[BlackElo "1438"]
[Opening "French: Fort Knox variation"]
[ECO "C10"]
[Time "13:30:38"]
[TimeControl "2700+45"]

1. e4 e6 2. d4 d5 3. Nc3 dxe4 4. Nxe4 Bd7 5. Nf3 Bc6 6. Bd3 Nd7 7. O-O Ngf6 8.
Re1 Bxe4 9. Bxe4 Nxe4 10. Rxe4 Nf6 11. Re2 Bd6 12. d5 O-O 13. Bg5 exd5 14. Bxf6
Qxf6 15. Qxd5 Qxb2 16. Rae1 Rad8 17. c4 Qb6 18. Qf5 Qc6 19. Qc2 Rfe8 20. Nd4 Qd7
21. g3 Rxe2 22. Rxe2 Re8 23. Rd2 Qh3 24. Qd1 Qc8 25. Nb5 Qe6 26. Nxd6 cxd6 27.
Rxd6 Qxc4 28. Rd7 Qc8 29. Qd5 h6 30. Qxf7+ {Black resigns} 1-0

[Event "Team 45 45 League T55"]
[Site "Internet Chess Club"]
[Date "2012.12.16"]
[Round "5"]
[White "Ocius"]
[Black "jjaillet2007"]
[Result "0-1"]
[WhiteElo "1210"]
[BlackElo "1433"]
[Opening "French: Marshall variation"]
[ECO "C10"]
[Time "20:00:42"]
[TimeControl "2700+45"]

1. e4 e6 2. d4 d5 3. Nc3 c5 4. Nf3 Nc6 5. e5 cxd4 6. Nxd4 Nxe5 7. f4 Nc6 8. Bb5
Bd7 9. O-O Nxd4 10. Qxd4 a6 11. Bxd7+ Qxd7 12. f5 Nf6 13. Kh1 Bd6 14. fxe6 fxe6
15. Bg5 Ne4 16. Nxe4 dxe4 17. Qxe4 Be7 18. Rad1 Qc6 19. Qe5 Bxg5 20. Qxg5 Qc7
21. Rfe1 O-O 22. Rxe6 Qf7 23. Ree1 Qxa2 24. h3 Qxb2 25. Rd7 Qf6 26. Qd5+ Rf7 27.
Rxb7 Rf8 28. Rxf7 Qxf7 29. Qxf7+ Rxf7 30. Re8+ Rf8 31. Re6 Ra8 32. c4 Kf7 33.
Rb6 a5 34. c5 a4 35. c6 a3 36. c7 a2 37. Rb8 a1=Q+ 38. Kh2 Qe5+ {White resigns}
0-1

[Event "Team 45 45 League T55"]
[Site "Internet Chess Club"]
[Date "2012.12.14"]
[Round "5"]
[White "Aquaman"]
[Black "globulon"]
[Result "0-1"]
[WhiteElo "1306"]
[BlackElo "1308"]
[Opening "Réti: King's Indian attack (Barcza system)"]
[ECO "A07"]
[Time "21:00:43"]
[TimeControl "2700+45"]

1. Nf3 d5 2. g3 Nc6 3. Bg2 e5 4. d3 Nf6 5. Nbd2 Bg4 6. h3 Bh5 7. O-O Qd7 8. c3
h6 9. Qc2 g5 10. Ne1 g4 11. h4 Be7 12. e4 dxe4 13. dxe4 Nh7 14. Nb3 Bxh4 15.
gxh4 g3 16. f3 Qe7 17. f4 Qxh4 18. Bf3 Rg8 19. Ng2 Qh2# {White checkmated} 0-1

[Event "Team 45 45 League T55"]
[Site "Internet Chess Club"]
[Date "2012.12.16"]
[Round "5"]
[White "hi12980"]
[Black "badmove"]
[Result "0-1"]
[WhiteElo "1758"]
[BlackElo "1706"]
[Opening "Ruy Lopez: closed, 9.h3"]
[ECO "C96"]
[Time "17:00:58"]
[TimeControl "2700+45"]

1. e4 e5 2. Nf3 Nc6 3. Bb5 a6 4. Ba4 Nf6 5. O-O b5 6. Bb3 Be7 7. Re1 d6 8. c3
O-O 9. h3 Na5 10. d4 Nxb3 11. Qxb3 exd4 12. cxd4 c5 13. e5 c4 14. Qc2 dxe5 15.
Nxe5 Bb7 16. Be3 Qd5 17. f3 Bd6 18. Nc3 Qe6 19. Bf4 Qc8 20. Ng4 {White resigns}
0-1

[Event "Team 45 45 League T55"]
[Site "Internet Chess Club"]
[Date "2012.12.22"]
[Round "5"]
[White "houseofcook"]
[Black "browndeer"]
[Result "1-0"]
[WhiteElo "1526"]
[BlackElo "1457"]
[Opening "Sicilian: closed"]
[ECO "B23"]
[Time "13:00:45"]
[TimeControl "2700+45"]

1. e4 c5 2. Nc3 g6 3. f4 d6 4. Nf3 Bg7 5. Bb5+ Bd7 6. Bc4 Nf6 7. O-O O-O 8. d3
Qc7 9. Qe1 Nc6 10. Nd5 Nxd5 11. exd5 Nd4 12. Nxd4 Bxd4+ 13. Kh1 Rfe8 14. c3 Bg7
15. a4 a6 16. a5 Bf5 17. Be3 Rac8 18. Qe2 Rb8 19. g4 Bd7 20. d4 cxd4 21. Bxd4
Bh6 22. Bd3 Bc8 23. g5 Bf8 24. f5 Bd7 25. fxg6 fxg6 26. Qf3 Bf5 27. Bxf5 gxf5
28. Qxf5 e6 29. dxe6 Qe7 30. g6 hxg6 31. Qxg6+ Bg7 32. Rf7 {Black resigns} 1-0

[Event "Team 45 45 League T55"]
[Site "Internet Chess Club"]
[Date "2012.12.14"]
[Round "5"]
[White "XGG123"]
[Black "MateIn42"]
[Result "1-0"]
[WhiteElo "1296"]
[BlackElo "1339"]
[Opening "Scotch game"]
[ECO "C45"]
[Time "22:04:03"]
[TimeControl "2700+45"]

1. e4 e5 2. Nf3 Nc6 3. d4 exd4 4. Nxd4 Bc5 5. Be3 Qf6 6. c3 Nge7 7. Bc4 O-O 8.
O-O Rd8 9. Nxc6 Qxc6 10. Bxf7+ Kxf7 11. Qh5+ g6 12. Qxc5 Qxe4 13. Qxc7 Nd5 14.
Qxd8 b6 15. Qg5 Bb7 16. Nd2 Qe6 17. Rfe1 Re8 18. Bd4 Qxe1+ 19. Rxe1 Rxe1+ 20.
Nf1 Ba6 21. Qxd5+ Kf8 22. c4 Rc1 23. b3 {Black resigns} 1-0

[Event "Team 45 45 League T55"]
[Site "Internet Chess Club"]
[Date "2012.12.15"]
[Round "5"]
[White "dabodhi"]
[Black "kingsleywang"]
[Result "1-0"]
[WhiteElo "1445"]
[BlackElo "1423"]
[Opening "Scandinavian (center counter) defense"]
[ECO "B01"]
[Time "15:05:50"]
[TimeControl "2700+45"]

1. e4 d5 2. exd5 Qxd5 3. Nc3 Qa5 4. Bc4 Bf5 5. d4 c6 6. Bd2 Qc7 7. Nf3 Nf6 8.
Ne5 e6 9. h3 Bd6 10. f4 Nbd7 11. g4 Bg6 12. Be3 Nxe5 13. fxe5 Bxe5 14. dxe5 Qxe5
15. Qd4 Qc7 16. O-O-O a5 17. Bf4 Qe7 18. Qd6 Nd5 19. Qxe7+ Kxe7 20. Nxd5+ cxd5
21. Bb5 Rac8 22. c3 Rc5 23. Bd3 Rhc8 24. Bxg6 hxg6 25. Kd2 Rb5 26. Rb1 Rc4 27.
Be3 Ra4 28. a3 Rc4 29. Rhf1 Rc6 30. Rf4 Ra6 31. a4 Rb3 32. Kc2 {Black resigns}
1-0

[Event "Team 45 45 League T55"]
[Site "Internet Chess Club"]
[Date "2012.12.13"]
[Round "5"]
[White "fireball"]
[Black "Portola"]
[Result "0-1"]
[WhiteElo "1764"]
[BlackElo "1760"]
[Opening "French: King's Indian attack"]
[ECO "C00"]
[Time "19:05:18"]
[TimeControl "2700+45"]

1. e4 e6 2. d3 d5 3. Nd2 c5 4. Ngf3 Nc6 5. g3 Nf6 6. Bg2 Be7 7. O-O O-O 8. e5
Nd7 9. Re1 Qc7 10. Qe2 b5 11. Nf1 Nb6 12. h4 a5 13. Ng5 Nd4 14. Qd1 Ba6 15. c3
Nc6 16. Qe2 c4 17. d4 b4 18. Nh2 bxc3 19. bxc3 Na4 20. Bd2 Nxd4 21. cxd4 c3 22.
Qh5 h6 23. Be3 hxg5 24. hxg5 Bd3 25. Ng4 Bg6 26. Qh4 c2 27. Nf6+ Bxf6 28. gxf6
Rfb8 29. Bh6 Nc3 30. Bxg7 Bh7 31. Qh6 Qc8 32. Bf3 Rb1 33. Kg2 Rxa1 34. Rxa1 Nb1
35. Qc1 Rb8 36. Bh6 Bg6 37. Qh1 Qc3 38. Bh5 Qd3 39. Bf3 Be4 40. Qh5 Bg6 41. Qg5
Qxd4 42. Bh5 Qe4+ 43. f3 Qf5 44. Qxf5 Bxf5 45. Kf2 Rc8 46. Bc1 d4 47. g4 Bd3 48.
g5 Bf5 49. f4 Rd8 50. a4 d3 51. Ke3 d2 52. Bxd2 Nxd2 53. Be2 Nb3 54. Rh1 c1=Q+
55. Rxc1 Nxc1 56. Bb5 Na2 {White resigns} 0-1